General information
- name: BNet
- type: Ladder team game (AT/RT)
- host: Battle.net
- saver: 81111111111111l
map: TwilightRuins_LV
- players: 8
- length: 58:19
- speed: Fast
- version: 1.29 W3XP
- replay type: Public
» download(565 KB)
Players
team 1 (loser)
ISuk (
orange | 31 APM | 1669 actions | 53:36)
3 Blademaster
1 Wind Walk
1 Critical Strike
1 Mirror Image
2 Shadow Hunter
1 Healing Wave
1 Serpent Ward
2 Tauren Chieftain
1 War Stomp
1 Endurance Aura
» actions
| Assign group hotkey | 23 | |
| Build / train | 80 | |
| Enter build submenu | 15 | |
| Enter hero's abilities submenu | 8 | |
| Give item / drop item | 3 | |
| Right click | 703 | |
| Select / deselect | 390 | |
| Select group hotkey | 271 | |
| Use ability | 176 | |
1669 total
» units
» upgrades
| Shaman Training | 2 | |
| Pulverize | 1 | |
3 total
» buildings
| Orc Burrow | 5 | |
| Altar of Storms | 1 | |
| War Mill | 1 | |
| Voodoo Lounge | 1 | |
| Stronghold | 1 | |
| Watch Tower | 2 | |
| Fortress | 1 | |
| Spirit Lodge | 1 | |
| Tauren Totem | 2 | |
| Great Hall | 2 | |
17 total
» build order
00:21 Orc Burrow
00:37 Altar of Storms
01:05 War Mill
01:34 Voodoo Lounge
02:25 Stronghold
02:40 Watch Tower
03:32 Orc Burrow
05:36 Fortress
05:44 Spirit Lodge
06:20 Orc Burrow
08:04 Tauren Totem
08:10 Tauren Totem
09:22 Great Hall
09:24 Watch Tower
11:47 Orc Burrow
15:30 Orc Burrow
26:50 Great Hall
» items
| Healing Salve | 7 | |
| Lesser Clarity Potion | 7 | |
| Scroll of Speed | 1 | |
| Potion of Healing | 6 | |
| Orb of Lightning | 2 | |
| Scroll of Town Portal | 3 | |
26 total

»
1245. (
blue | 42 APM | 2309 actions | 54:34)
5 Tauren Chieftain
2 War Stomp
3 Endurance Aura
1 Shadow Hunter
1 Healing Wave
» actions
| Assign group hotkey | 17 | |
| Basic commands | 11 | |
| Build / train | 128 | |
| Enter build submenu | 31 | |
| Enter hero's abilities submenu | 7 | |
| Give item / drop item | 9 | |
| Remove unit from queue | 1 | |
| Right click | 680 | |
| Select / deselect | 402 | |
| Select group hotkey | 931 | |
| Use ability | 92 | |
2309 total
» units
| Peon | 61 | |
| Troll Headhunter/Berserker | 20 | |
| Wind Rider | 6 | |
| Troll Batrider | 6 | |
| Shaman | 4 | |
97 total
» upgrades
| Spiked Barricades | 2 | |
| Ranged Weapons | 2 | |
| Armor | 1 | |
| Troll Regeneration | 1 | |
| Envenomed Spears | 1 | |
| Liquid Fire | 1 | |
| Shaman Training | 2 | |
| Berserker Upgrade | 1 | |
11 total
» buildings
| Altar of Storms | 2 | |
| Orc Burrow | 9 | |
| Barracks | 1 | |
| War Mill | 1 | |
| Voodoo Lounge | 3 | |
| Watch Tower | 7 | |
| Stronghold | 1 | |
| Fortress | 1 | |
| Beastiary | 2 | |
| Great Hall | 2 | |
| Spirit Lodge | 1 | |
30 total
» build order
00:14 Altar of Storms
00:33 Orc Burrow
01:04 Barracks
01:40 Orc Burrow
02:05 War Mill
02:17 Voodoo Lounge
02:48 Orc Burrow
03:29 Watch Tower
03:35 Watch Tower
04:36 Stronghold
04:59 Watch Tower
06:07 Orc Burrow
06:25 Orc Burrow
07:00 Fortress
07:22 Orc Burrow
07:27 Beastiary
07:58 Great Hall
08:05 Watch Tower
08:28 Watch Tower
08:32 Watch Tower
08:39 Beastiary
10:02 Orc Burrow
13:33 Spirit Lodge
18:46 Voodoo Lounge
21:07 Voodoo Lounge
22:58 Altar of Storms
24:23 Orc Burrow
24:52 Great Hall
26:43 Orc Burrow
28:48 Watch Tower
» items
| Healing Salve | 4 | |
| Potion of Healing | 3 | |
| Scroll of Town Portal | 2 | |
| Orb of Lightning | 1 | |
10 total
Iconless (
yellow | 70 APM | 2427 actions | 34:31)
10 Tauren Chieftain
3 Endurance Aura
3 Shockwave
1 Reincarnation
3 War Stomp
» actions
| Assign group hotkey | 43 | |
| Basic commands | 192 | |
| Build / train | 119 | |
| Enter build submenu | 14 | |
| Enter hero's abilities submenu | 10 | |
| Give item / drop item | 4 | |
| Remove unit from queue | 2 | |
| Right click | 1156 | |
| Select / deselect | 412 | |
| Select group hotkey | 378 | |
| Use ability | 97 | |
2427 total
» units
| Peon | 9 | |
| Grunt | 4 | |
| Troll Headhunter/Berserker | 40 | |
| Shaman | 28 | |
81 total
» upgrades
| Berserker Strength | 1 | |
| Troll Regeneration | 1 | |
| Shaman Training | 2 | |
| Armor | 1 | |
| Ranged Weapons | 2 | |
| Berserker Upgrade | 1 | |
8 total
» buildings
| Altar of Storms | 1 | |
| Orc Burrow | 6 | |
| Barracks | 2 | |
| Voodoo Lounge | 1 | |
| Stronghold | 1 | |
| War Mill | 1 | |
| Spirit Lodge | 1 | |
| Fortress | 1 | |
| Watch Tower | 1 | |
| Great Hall | 1 | |
16 total
» build order
00:08 Altar of Storms
00:14 Orc Burrow
00:50 Barracks
01:34 Orc Burrow
01:59 Voodoo Lounge
02:47 Stronghold
03:38 War Mill
04:18 Orc Burrow
04:35 Barracks
04:47 Orc Burrow
05:14 Spirit Lodge
06:14 Fortress
07:11 Watch Tower
09:32 Orc Burrow
11:27 Orc Burrow
20:55 Great Hall
» items
| Healing Salve | 5 | |
| Lesser Clarity Potion | 4 | |
| Scroll of Town Portal | 1 | |
| Potion of Healing | 1 | |
11 total
Martial_Law6969 (
red | 83 APM | 4852 actions | 58:19)
10 Archmage
3 Summon Water Elemental
3 Brilliance Aura
1 Mass Teleport
3 Blizzard
» actions
| Assign group hotkey | 52 | |
| Basic commands | 109 | |
| Build / train | 125 | |
| Enter build submenu | 63 | |
| Enter hero's abilities submenu | 10 | |
| Give item / drop item | 4 | |
| Remove unit from queue | 4 | |
| Right click | 1723 | |
| Select / deselect | 646 | |
| Select group hotkey | 1792 | |
| Use ability | 324 | |
4852 total
» units
| Peasant | 21 | |
| Footman | 4 | |
| Goblin Shredder | 1 | |
| Goblin Zeppelin | 2 | |
| Goblin Sapper | 6 | |
| Gryphon Rider | 9 | |
| Dragonhawk Rider | 15 | |
58 total
» upgrades
| Storm Hammers | 1 | |
| Swords | 3 | |
| Armor | 3 | |
| Animal War Training | 1 | |
| Cloud | 1 | |
| Masonry | 3 | |
12 total
» buildings
| Altar of Kings | 1 | |
| Barracks | 1 | |
| Farm | 13 | |
| Scout Tower | 30 | |
| Arcane Tower | 1 | |
| Arcane Vault | 3 | |
| Keep | 1 | |
| Lumber Mill | 1 | |
| Town Hall | 6 | |
| Castle | 1 | |
| Guard Tower | 5 | |
| Gryphon Aviary | 6 | |
| Blacksmith | 2 | |
71 total
» build order
00:49 Altar of Kings
00:50 Barracks
00:53 Farm
00:53 Farm
01:06 Farm
02:07 Scout Tower
02:35 Arcane Tower
03:09 Arcane Vault
04:05 Keep
04:15 Lumber Mill
04:17 Farm
04:47 Town Hall
04:50 Scout Tower
04:51 Scout Tower
04:51 Scout Tower
04:52 Scout Tower
07:55 Castle
08:09 Guard Tower
08:13 Gryphon Aviary
08:15 Gryphon Aviary
08:15 Gryphon Aviary
08:57 Gryphon Aviary
09:03 Blacksmith
09:05 Blacksmith
09:09 Farm
13:36 Scout Tower
13:37 Scout Tower
13:37 Scout Tower
13:37 Scout Tower
13:38 Scout Tower
13:38 Scout Tower
13:38 Scout Tower
13:39 Scout Tower
13:39 Scout Tower
13:52 Farm
15:46 Guard Tower
17:57 Farm
17:59 Farm
18:01 Farm
18:04 Farm
18:36 Farm
19:10 Arcane Vault
19:12 Arcane Vault
21:41 Scout Tower
21:41 Scout Tower
21:41 Scout Tower
21:42 Scout Tower
21:43 Scout Tower
21:43 Scout Tower
21:43 Scout Tower
22:16 Guard Tower
23:04 Farm
23:05 Farm
23:07 Gryphon Aviary
23:09 Gryphon Aviary
23:12 Guard Tower
28:16 Town Hall
31:41 Town Hall
37:33 Town Hall
37:37 Scout Tower
37:37 Scout Tower
37:56 Town Hall
38:01 Scout Tower
38:01 Scout Tower
38:02 Scout Tower
38:02 Scout Tower
38:04 Scout Tower
38:04 Scout Tower
38:04 Scout Tower
38:35 Guard Tower
40:08 Town Hall
» items
| Scroll of Regeneration | 8 | |
| Mechanical Critter | 10 | |
| Healing Salve | 1 | |
| Potion of Healing | 2 | |
| Orb of Lightning | 1 | |
| Scroll of Speed | 1 | |
| Scroll of Town Portal | 5 | |
| Staff of Sanctuary | 1 | |
| Periapt of Vitality | 1 | |
| Tiny Great Hall | 2 | |
32 total
team 2 (winner)

»
practiceok (
teal | 71 APM | 4120 actions | 58:19)
8 Dark Ranger
3 Black Arrow
3 Silence
1 Charm
1 Life Drain
6 Pandaren Brewmaster
3 Breath of Fire
2 Drunken Haze
1 Storm Earth and Fire
5 Goblin Alchemist
3 Acid Bomb
2 Chemical Rage
» actions
| Assign group hotkey | 596 | |
| Basic commands | 235 | |
| Build / train | 114 | |
| ESC pressed | 5 | |
| Enter build submenu | 27 | |
| Enter hero's abilities submenu | 19 | |
| Give item / drop item | 8 | |
| Right click | 1481 | |
| Select / deselect | 667 | |
| Select group hotkey | 784 | |
| Use ability | 181 | |
4120 total
» units
| Wisp | 25 | |
| Archer | 16 | |
| Giant Sea Turtle | 1 | |
| Makrura Snapper | 2 | |
| Goblin Shredder | 2 | |
| Makrura Deepseer | 1 | |
| Dryad | 12 | |
| Faerie Dragon | 6 | |
| Druid of the Claw | 2 | |
| Goblin Zeppelin | 2 | |
| Hippogryph | 3 | |
72 total
» upgrades
| Improved Bows | 1 | |
| Druid of the Claw Training | 2 | |
| Marksmanship | 1 | |
| Abolish Magic | 1 | |
| Strength of the Wild | 3 | |
| Mark of the Claw | 1 | |
| Reinforced Hides | 1 | |
10 total
» buildings
| Moon Well | 7 | |
| Ancient of War | 2 | |
| Altar of Elders | 1 | |
| Tree of Life | 4 | |
| Tree of Ages | 1 | |
| Ancient of Wonders | 1 | |
| Hunter's Hall | 1 | |
| Tree of Eternity | 2 | |
| Ancient of Lore | 3 | |
| Ancient of Wind | 2 | |
24 total
» build order
00:23 Moon Well
00:37 Ancient of War
01:18 Altar of Elders
01:28 Moon Well
01:30 Moon Well
02:51 Moon Well
03:20 Ancient of War
05:13 Tree of Life
05:20 Moon Well
05:22 Tree of Ages
06:20 Ancient of Wonders
07:18 Hunter's Hall
08:51 Tree of Eternity
08:51 Tree of Eternity
10:13 Ancient of Lore
10:16 Ancient of Lore
10:18 Ancient of Wind
10:20 Ancient of Lore
10:23 Ancient of Wind
12:26 Moon Well
13:20 Tree of Life
18:11 Moon Well
22:54 Tree of Life
25:58 Tree of Life
» items
| Scroll of Town Portal | 2 | |
| Orb of Venom | 1 | |
| Staff of Preservation | 1 | |
4 total
okok (
green | 104 APM | 5521 actions | 53:15)
7 Death Knight
3 Death Coil
1 Death Pact
2 Unholy Aura
1 Animate Dead
6 Lich
3 Frost Nova
2 Frost Armor
1 Death and Decay
» actions
| Assign group hotkey | 82 | |
| Basic commands | 7 | |
| Build / train | 111 | |
| ESC pressed | 3 | |
| Enter build submenu | 36 | |
| Enter hero's abilities submenu | 14 | |
| Give item / drop item | 6 | |
| Right click | 1470 | |
| Select / deselect | 574 | |
| Select group hotkey | 3005 | |
| Use ability | 213 | |
5521 total
» units
| Acolyte | 17 | |
| Ghoul | 11 | |
| Crypt Fiend | 12 | |
| Obsidian Statue | 6 | |
| Frost Wyrm | 5 | |
51 total
» upgrades
| Web | 1 | |
| Creature Attack | 3 | |
| Creature Carapace | 3 | |
| Burrow | 1 | |
| Ghoul Frenzy | 1 | |
| Destroyer Form | 1 | |
| Freezing Breath | 1 | |
11 total
» buildings
| Ziggurat | 16 | |
| Altar of Darkness | 2 | |
| Crypt | 2 | |
| Graveyard | 1 | |
| Tomb of Relics | 4 | |
| Nerubian Tower | 3 | |
| Necropolis | 1 | |
| Halls of the Dead | 1 | |
| Spirit Tower | 8 | |
| Black Citadel | 1 | |
| Slaughterhouse | 1 | |
| Sacrificial Pit | 1 | |
| Boneyard | 2 | |
43 total
» build order
00:08 Ziggurat
00:18 Altar of Darkness
00:21 Altar of Darkness
00:44 Crypt
00:58 Graveyard
01:10 Tomb of Relics
01:16 Tomb of Relics
01:28 Ziggurat
02:19 Ziggurat
03:22 Nerubian Tower
05:25 Necropolis
05:54 Halls of the Dead
06:33 Ziggurat
06:38 Tomb of Relics
06:48 Ziggurat
06:50 Ziggurat
06:51 Ziggurat
07:08 Ziggurat
07:09 Ziggurat
07:25 Spirit Tower
07:40 Spirit Tower
08:03 Spirit Tower
08:05 Nerubian Tower
08:05 Spirit Tower
08:30 Black Citadel
08:40 Crypt
08:49 Slaughterhouse
08:51 Sacrificial Pit
11:27 Spirit Tower
11:59 Boneyard
13:30 Boneyard
17:04 Spirit Tower
20:50 Tomb of Relics
20:50 Ziggurat
21:22 Ziggurat
21:23 Ziggurat
21:23 Ziggurat
23:04 Spirit Tower
23:04 Spirit Tower
23:29 Ziggurat
23:35 Ziggurat
23:38 Ziggurat
24:24 Nerubian Tower
» items
| Rod of Necromancy | 4 | |
| Dust of Appearance | 1 | |
| Potion of Healing | 3 | |
| Potion of Mana | 2 | |
| Orb of Corruption | 1 | |
| Scroll of Town Portal | 7 | |
18 total
rockylovesemily (
purple | 63 APM | 2618 actions | 41:40)
6 Archmage
2 Summon Water Elemental
2 Brilliance Aura
1 Blizzard
1 Mass Teleport
5 Mountain King
3 Storm Bolt
1 Thunder Clap
1 Bash
2 Goblin Tinker
1 Cluster Rockets
1 Engineering Upgrade
» actions
| Assign group hotkey | 25 | |
| Basic commands | 10 | |
| Build / train | 96 | |
| ESC pressed | 1 | |
| Enter build submenu | 33 | |
| Enter hero's abilities submenu | 13 | |
| Give item / drop item | 9 | |
| Right click | 944 | |
| Select / deselect | 685 | |
| Select group hotkey | 618 | |
| Use ability | 179 | |
2618 total
» units
| Peasant | 17 | |
| Footman | 8 | |
| Goblin Shredder | 1 | |
| Gryphon Rider | 6 | |
| Dragonhawk Rider | 6 | |
38 total
» upgrades
| Defend | 1 | |
| Storm Hammers | 1 | |
| Cloud | 1 | |
| Swords | 3 | |
| Armor | 3 | |
| Animal War Training | 1 | |
10 total
» buildings
| Altar of Kings | 1 | |
| Barracks | 1 | |
| Farm | 12 | |
| Arcane Vault | 1 | |
| Lumber Mill | 1 | |
| Scout Tower | 5 | |
| Arcane Tower | 2 | |
| Keep | 1 | |
| Town Hall | 3 | |
| Guard Tower | 2 | |
| Castle | 1 | |
| Gryphon Aviary | 4 | |
| Blacksmith | 1 | |
35 total
» build order
00:22 Altar of Kings
00:26 Barracks
00:37 Farm
01:04 Farm
01:16 Farm
01:57 Arcane Vault
02:02 Farm
02:15 Lumber Mill
02:29 Scout Tower
03:41 Arcane Tower
04:18 Keep
04:43 Town Hall
04:52 Farm
05:08 Scout Tower
05:20 Arcane Tower
05:46 Scout Tower
06:14 Guard Tower
06:16 Scout Tower
06:17 Scout Tower
06:36 Farm
06:42 Castle
08:14 Guard Tower
08:23 Gryphon Aviary
08:24 Gryphon Aviary
08:50 Farm
08:50 Farm
08:51 Farm
08:51 Farm
09:54 Blacksmith
09:57 Gryphon Aviary
10:00 Gryphon Aviary
10:08 Farm
14:55 Farm
22:57 Town Hall
27:57 Town Hall
» items
| Scroll of Regeneration | 5 | |
| Orb of Fire | 2 | |
| Scroll of Town Portal | 7 | |
| Potion of Healing | 1 | |
| Potion of Mana | 1 | |
| Lesser Clarity Potion | 2 | |
| Boots of Speed | 1 | |
| Potion of Lesser Invulnerability | 1 | |
| Staff of Teleportation | 1 | |
| Staff of Sanctuary | 2 | |
| Scroll of Healing | 1 | |
24 total
81111111111111l (
pink | 87 APM | 5081 actions | 58:19)
6 Archmage
3 Summon Water Elemental
2 Brilliance Aura
1 Mass Teleport
6 Mountain King
3 Storm Bolt
2 Bash
1 Avatar
6 Goblin Alchemist
2 Healing Spray
2 Chemical Rage
1 Acid Bomb
1 Transmute
» actions
| Assign group hotkey | 84 | |
| Basic commands | 350 | |
| Build / train | 173 | |
| ESC pressed | 2 | |
| Enter build submenu | 60 | |
| Enter hero's abilities submenu | 18 | |
| Give item / drop item | 9 | |
| Remove unit from queue | 2 | |
| Right click | 1705 | |
| Select / deselect | 823 | |
| Select group hotkey | 1533 | |
| Use ability | 322 | |
5081 total
» units
| Peasant | 13 | |
| Footman | 4 | |
| Rifleman | 3 | |
| Goblin Shredder | 1 | |
| Flying Machine | 1 | |
| Priest | 3 | |
| Siege Engine | 1 | |
| Sorceress | 1 | |
| Goblin Zeppelin | 2 | |
| Goblin Sapper | 7 | |
| Gryphon Rider | 3 | |
39 total
» upgrades
| Gunpowder | 3 | |
| Masonry | 3 | |
| Long Rifles | 1 | |
| Armor | 3 | |
| Sorceress Training | 2 | |
| Priest Training | 2 | |
| Barrage | 1 | |
| Fragmentation Shards | 1 | |
| Plating | 3 | |
| Control Magic | 1 | |
| Animal War Training | 1 | |
| Swords | 3 | |
| Storm Hammers | 1 | |
| Cloud | 1 | |
| Flak Cannons | 1 | |
| Flying Machine Bombs | 1 | |
| Magic Sentry | 1 | |
29 total
» buildings
| Altar of Kings | 1 | |
| Barracks | 2 | |
| Farm | 13 | |
| Arcane Vault | 1 | |
| Blacksmith | 1 | |
| Scout Tower | 31 | |
| Keep | 2 | |
| Town Hall | 3 | |
| Arcane Tower | 8 | |
| Lumber Mill | 1 | |
| Castle | 2 | |
| Guard Tower | 28 | |
| Workshop | 2 | |
| Arcane Sanctum | 4 | |
| Gryphon Aviary | 4 | |
103 total
» build order
01:06 Altar of Kings
01:08 Barracks
01:11 Farm
01:13 Farm
01:20 Farm
01:48 Arcane Vault
01:54 Farm
02:23 Blacksmith
03:57 Scout Tower
03:59 Keep
03:59 Keep
04:26 Town Hall
04:32 Scout Tower
04:52 Arcane Tower
05:20 Arcane Tower
05:45 Lumber Mill
06:42 Scout Tower
06:44 Scout Tower
06:46 Scout Tower
07:17 Castle
07:17 Castle
07:18 Guard Tower
07:22 Guard Tower
07:31 Guard Tower
07:52 Scout Tower
07:53 Scout Tower
07:56 Scout Tower
08:00 Workshop
08:04 Arcane Sanctum
08:09 Arcane Sanctum
08:11 Arcane Sanctum
08:13 Arcane Sanctum
08:18 Guard Tower
08:18 Guard Tower
08:25 Farm
08:48 Guard Tower
13:35 Workshop
13:40 Barracks
17:04 Farm
17:05 Farm
17:05 Farm
17:07 Farm
17:09 Farm
18:03 Gryphon Aviary
18:05 Gryphon Aviary
18:09 Farm
20:21 Farm
21:24 Scout Tower
21:25 Scout Tower
21:26 Scout Tower
21:27 Scout Tower
21:28 Scout Tower
21:29 Scout Tower
21:31 Scout Tower
21:38 Scout Tower
21:39 Scout Tower
21:39 Scout Tower
22:22 Guard Tower
22:23 Guard Tower
22:24 Guard Tower
22:24 Guard Tower
22:24 Guard Tower
22:25 Guard Tower
22:25 Guard Tower
22:25 Guard Tower
23:29 Guard Tower
23:29 Guard Tower
26:12 Gryphon Aviary
26:15 Gryphon Aviary
44:53 Town Hall
45:10 Scout Tower
45:11 Scout Tower
45:11 Scout Tower
45:12 Scout Tower
45:13 Scout Tower
45:14 Scout Tower
45:15 Scout Tower
45:39 Arcane Tower
45:39 Arcane Tower
45:39 Arcane Tower
45:40 Guard Tower
45:40 Guard Tower
45:41 Arcane Tower
45:41 Arcane Tower
45:44 Guard Tower
45:44 Guard Tower
46:11 Guard Tower
46:11 Guard Tower
46:11 Guard Tower
48:21 Town Hall
48:23 Scout Tower
48:24 Scout Tower
48:24 Scout Tower
48:25 Scout Tower
48:29 Scout Tower
48:30 Scout Tower
48:56 Arcane Tower
48:57 Guard Tower
48:57 Guard Tower
48:57 Guard Tower
49:28 Guard Tower
49:28 Guard Tower
57:30 Farm
» items
| Scroll of Regeneration | 4 | |
| Mechanical Critter | 6 | |
| Boots of Speed | 1 | |
| Staff of Teleportation | 2 | |
| Orb of Fire | 1 | |
| Scroll of Town Portal | 5 | |
| Staff of Sanctuary | 1 | |
| Helm of Valor | 1 | |
| Warsong Battle Drums | 1 | |
| Orb of Venom | 1 | |
| Periapt of Vitality | 1 | |
| Talisman of Evasion | 1 | |
| Legion Doom-Horn | 1 | |
| Orb of Corruption | 2 | |
| Pendant of Energy | 1 | |
| Claws of Attack +12 | 1 | |
| Ring of Regeneration | 1 | |
31 total
Chat log
(00:52 / Allies) okok: hi
(01:21 / Allies) practiceok: hey
(05:26 / All) Martial_Law6969: did they move the goblins again?
(05:35 / All) 81111111111111l: same as first 1.29
(05:45 / All) Martial_Law6969: the goblin labs wre on left side
(05:46 / All) Martial_Law6969: and right
(05:48 / All) Martial_Law6969: and then in mid
(05:52 / All) 81111111111111l: still are
(06:01 / All) Martial_Law6969: nope all are in mid now
(06:06 / All) 81111111111111l: oh
(06:17 / All) 81111111111111l: weird
(06:55 / All) Martial_Law6969: just really fucked my creep
(07:06 / All) 81111111111111l: just when you're adapting they change it again
(07:10 / All) Martial_Law6969: yeah lawl
(07:11 / All) Martial_Law6969: wtf
(09:29 / Allies) rockylovesemily: take potion teal
(09:37 / Allies) practiceok: ty
(10:55 / Allies) rockylovesemily: b
(12:02 / Allies) okok: b
(12:09 / Allies) okok: b
(13:34 / Allies) practiceok: units
(13:35 / Allies) practiceok: guys
(13:57 / Allies) rockylovesemily: need a tp
(14:25 / Allies) practiceok: copter pink
(14:28 / Allies) 81111111111111l: ty
(14:32 / Allies) practiceok: fiend
(14:34 / Allies) practiceok: green
(14:52 / Allies) practiceok: wtf green
(15:19 / Allies) practiceok: green
(15:20 / Allies) practiceok: fiend
(15:58 / Allies) okok: b
(15:59 / Allies) okok: b
(15:59 / Allies) okok: b
(16:00 / Allies) okok: b
(16:00 / Allies) okok: b
(16:00 / Allies) okok: b
(16:00 / Allies) okok: b
(16:01 / Allies) okok: b
(16:01 / Allies) okok: b
(16:01 / Allies) okok: b
(16:02 / Allies) okok: b
(16:02 / Allies) okok: b
(16:07 / Allies) practiceok: all group
(16:10 / Allies) practiceok: ffs
(16:48 / Allies) practiceok: leave
(16:51 / Allies) practiceok: or tp to main
(17:02 / Allies) okok: heklp
(18:19 / Allies) okok: teal
(18:20 / Allies) okok: ffs
(18:26 / Allies) practiceok: go
(18:29 / Allies) practiceok: you dont need me
(19:36 / Allies) okok: 'hall
(19:48 / Allies) okok: ffs
(20:27 / Allies) okok: get th efduk out
(20:30 / Allies) okok: are you dumb?
(20:34 / Allies) practiceok: are you?
(20:34 / Allies) 81111111111111l: due teal lol
(20:36 / Allies) 81111111111111l: dude
(20:37 / Allies) practiceok: why would you guys back?
(20:39 / Allies) okok: you are stupid assw
(20:39 / Allies) 81111111111111l: you lost everything
(20:41 / Allies) okok: no wwe fuked
(20:43 / Allies) 81111111111111l: you back not to lose everything
(20:44 / Allies) 81111111111111l: moron
(20:53 / Allies) okok: fuikign moron
(23:20 / Allies) practiceok: puyrp
(24:32 / Allies) okok: [pur[
(24:32 / Allies) okok: b
(24:32 / Allies) okok: b
(24:33 / Allies) okok: b
(24:33 / Allies) okok: b
(24:33 / Allies) okok: b
(24:33 / Allies) okok: b
(24:38 / Allies) okok: make aa
(24:41 / Allies) practiceok: unreal
(24:42 / Allies) practiceok: green
(24:43 / Allies) practiceok: wtf
(24:46 / Allies) okok: makew aa
(24:47 / Allies) okok: ffs
(24:49 / Allies) practiceok: dude
(24:51 / Allies) practiceok: just watch the fucking map
(24:53 / Allies) practiceok: nad we win
(24:56 / Allies) practiceok: so dumb
(24:56 / Allies) okok: shiut the fuk up you iudiot
(25:00 / Allies) rockylovesemily: yea teal
(25:03 / Allies) okok: you are SO fuking stupid
(25:04 / Allies) rockylovesemily: i had to follow your ass
(25:59 / Allies) practiceok: group
(26:03 / Allies) okok: make solid aa
(26:04 / Allies) practiceok: that means you green
(26:13 / Allies) okok: SHUT the fuk up
(26:15 / Allies) practiceok: the longer we wiat
(26:17 / Allies) okok: DONT lead iof you SUCK
(26:20 / Allies) practiceok: the more fucked we are
(26:21 / Allies) okok: ]fuking iidopt
(26:24 / Allies) practiceok: lol
(26:25 / Allies) practiceok: omg
(26:26 / Allies) practiceok: ur stats
(26:27 / Allies) practiceok: LOL
(26:28 / Allies) okok: shiut the fuk up now
(26:31 / Allies) practiceok: 1100-1100
(26:31 / Allies) practiceok: LOL
(26:36 / Allies) practiceok: makes sense
(28:12 / Allies) rockylovesemily: damn
(28:17 / Allies) rockylovesemily: gold?
(28:52 / Allies) rockylovesemily: pink
(28:53 / Allies) rockylovesemily: give me gold
(28:59 / Allies) practiceok: omg
(29:01 / Allies) practiceok: 7k
(29:01 / Allies) practiceok: wtf
(29:10 / Allies) rockylovesemily: pink come on
(29:15 / Allies) practiceok: gold pls
(29:16 / Allies) practiceok: pink
(29:17 / Allies) 81111111111111l: espanol?
(29:20 / Allies) okok: fukignb teal....lame ass new accoutn and talking shit
(29:27 / Allies) practiceok: dude
(29:28 / Allies) practiceok: ur bad
(29:30 / Allies) practiceok: stop taling
(29:34 / Allies) okok: SHUT the fuk up you fukiong NOOB
(29:35 / Allies) rockylovesemily: GOLD PINK
(29:37 / Allies) practiceok: lol
(29:38 / Allies) okok: FUKIGN moronn
(29:39 / Allies) practiceok: baddie
(29:40 / Allies) okok: making drayds
(29:41 / Allies) practiceok: 1100-1100
(29:46 / Allies) okok: fukign loser\
(29:53 / Allies) 81111111111111l: yo no hablo ingles
(30:04 / Allies) practiceok: group
(30:05 / Allies) practiceok: come
(30:06 / Allies) practiceok: green
(30:07 / Allies) practiceok: ffs
(30:07 / Allies) rockylovesemily: ORO PUNTA
(30:10 / Allies) rockylovesemily: ORO
(30:14 / Allies) practiceok: aight
(30:15 / Allies) practiceok: im throwing
(30:25 / Allies) 81111111111111l:
(30:27 / Allies) 81111111111111l: jajaja
(30:31 / Allies) rockylovesemily: fucking beaner
(30:34 / Allies) practiceok: noob
(30:40 / Allies) practiceok: 8k gold
(30:50 / Allies) rockylovesemily: stay in your shithole country
(30:52 / Allies) 81111111111111l: jajajajajaja americanos
(31:04 / Allies) rockylovesemily: EL WALL
(31:07 / Allies) 81111111111111l: méxico es el mejor
(31:16 / Allies) practiceok: gold pls
(31:20 / Allies) rockylovesemily: ORO PUNTA
(31:34 / Allies) 81111111111111l: chupar mi polla
(31:56 / All) Martial_Law6969: goddamnit
(31:59 / All) Martial_Law6969: I didn't mean to click
(32:00 / All) Martial_Law6969: on goldmine
(32:04 / All) Martial_Law6969: why would you even go there you moron
(32:13 / All) Martial_Law6969: I obnviously wouldn't stay (UNLESSI WAS EXPOING WHICH YOU COULDN KNOW
(32:15 / All) practiceok: to kill ur peasnats
(32:22 / All) practiceok: errr
(32:22 / All) Martial_Law6969: how would you see them? mh?
(32:24 / All) practiceok: i saw ur workers
(32:25 / All) practiceok: lol
(32:29 / All) practiceok: oh god
(32:33 / All) Martial_Law6969: you guys should tk teal the mher
(32:36 / All) practiceok: fucking clown
(32:40 / All) rockylovesemily: dude theres no way hes MH, stfu please
(32:50 / All) Martial_Law6969: one mher sticking up for another
(32:51 / Allies) practiceok: such a try hard
(32:55 / All) practiceok: such a try hard
(33:49 / All) 81111111111111l: jajajaja
(33:57 / All) 81111111111111l: chupar mi polla
(34:25 / All) practiceok: rofl
(34:26 / Allies) rockylovesemily: nice
(34:30 / All) rockylovesemily: suck that
(35:00 / Allies) rockylovesemily: PUNTA
(36:14 / Allies) 81111111111111l: puta
(36:17 / Allies) practiceok: pink tking
(36:20 / Allies) rockylovesemily: Is he TKing now?
(36:22 / Allies) okok: no shit
(36:23 / Allies) rockylovesemily: fucking mexican
(36:23 / Allies) 81111111111111l: CHUPAR MI POLLO
(36:25 / Allies) 81111111111111l: AMERICANOS
(36:25 / Allies) practiceok: yeah
(37:21 / Allies) 81111111111111l: PUTA
(37:34 / Allies) practiceok: kik
(37:34 / Allies) rockylovesemily: MEXICAN
(37:35 / Allies) practiceok: lol
(37:37 / Allies) practiceok: this guy
(37:37 / Allies) 81111111111111l: JAJAJAJAJAJAJ
(37:39 / Allies) practiceok: is such a loser
(38:05 / Allies) okok: wat de fuk doen jy
(38:05 / All) 81111111111111l: GG NOOBS
(38:15 / Allies) okok: jy fuking pus
(38:18 / Allies) 81111111111111l: ustedes los payasos chupan la polla
(38:21 / Allies) practiceok: idk whats going on
(38:22 / All) okok: wat is jy fuking problem
(38:34 / Allies) practiceok: 4s games are such a joke
(38:40 / Allies) 81111111111111l: jaja
(38:47 / Allies) okok: jy wat?
(38:51 / Allies) 81111111111111l: eres una broma
(38:53 / Allies) okok: jy fuking pus
(39:20 / Allies) 81111111111111l: chupar mi gran polla
(39:23 / Allies) okok: jy dinl jy is baie?
(39:27 / Allies) okok: fuking pus
(39:48 / Allies) rockylovesemily: you're too dumb to climb the wall aren;t you
(39:53 / Allies) rockylovesemily: thats why you stay in mexico
(39:58 / Allies) 81111111111111l:
(40:10 / Allies) practiceok: ...
(40:14 / Allies) rockylovesemily: mexico numero uno soy madres whores
(40:21 / Allies) practiceok: u 12 yrs old?
(40:22 / Allies) practiceok: wtf
(40:23 / Allies) practiceok: grow up
(40:32 / Allies) rockylovesemily: hes tking and fucking us over
(40:34 / Allies) 81111111111111l: sí lo soy
(40:44 / Allies) 81111111111111l: tengo doce
(40:58 / Allies) 81111111111111l:
(41:05 / Allies) 81111111111111l: enojado?
(41:07 / Allies) 81111111111111l: enojado?
(41:08 / Allies) 81111111111111l: enojado?
(41:11 / Allies) 81111111111111l: jaja
(41:18 / Allies) 81111111111111l: LOCO
(41:35 / Allies) 81111111111111l: CHUPAR MI POLLA
(41:36 / Allies) rockylovesemily: retrasado
(42:35 / Allies) 81111111111111l: NOOB
(43:22 / Allies) 81111111111111l:
(44:11 / All) Martial_Law6969: mhing fucking beaner
(44:16 / All) 81111111111111l: JAJAJAJAJAJA
(44:25 / All) 81111111111111l: chupar mi polla americana
(44:32 / All) Martial_Law6969: toss your ass back to mexico, when we build that wall you ain't coming back
(44:44 / All) practiceok: plz beat this guy
(44:45 / All) 81111111111111l: yo gano
(44:51 / All) practiceok: he killed all our shit alrrdy
(44:55 / All) practiceok: its just him left
(44:58 / All) practiceok: he has gryphs
(45:01 / All) practiceok: bottom of map
(45:03 / All) 81111111111111l:
(45:04 / All) practiceok: buiilding new epxpo
(45:07 / Allies) 81111111111111l: américa
(45:14 / All) practiceok: new expo at 6 o clock
(45:20 / All) 81111111111111l: JAJA
(45:32 / All) practiceok: kill him
(45:36 / All) practiceok: hes just sitting at it
(45:36 / All) 81111111111111l:
(45:41 / All) practiceok: has 9 gryph
(45:44 / All) practiceok: couple priest
(45:46 / All) practiceok: and a sorc
(45:52 / Allies) okok: so you tak out your grudge in WC3?
(45:55 / Allies) okok: lol
(45:58 / All) 81111111111111l: tres sacerdotes
(45:59 / Allies) okok: fuking mature
(46:01 / Allies) practiceok: dude
(46:02 / Allies) practiceok: this guy
(46:04 / Allies) practiceok: is next level
(46:08 / Allies) practiceok: idk what hes even mad about
(46:09 / Allies) practiceok: lol
(46:09 / Allies) 81111111111111l: Cojo a tu madre
(46:11 / Allies) okok: you think you the only one spaek foreign langauge?
(46:20 / Allies) okok: suck your dick and shit??? LOLOLOL
(46:21 / All) 81111111111111l: si
(46:23 / Allies) practiceok: hes mad
(46:24 / All) Martial_Law6969: did any of ya'll use to watch wild west cowboys of moo mesa?
(46:24 / Allies) 81111111111111l: SI
(46:25 / Allies) okok: sad life i bet
(46:32 / All) practiceok: hes got towers going up
(46:34 / All) practiceok: 6 o clock
(46:37 / Allies) 81111111111111l: mejor vida
(46:44 / Allies) okok: in WC3 and you want ppl to suck your dick?
(46:48 / All) Martial_Law6969: they were irradiated cows that rode horses
(46:49 / Allies) okok: man....lolololol
(46:52 / Allies) 81111111111111l:
(46:54 / Allies) okok: sad motherfuker
(46:58 / Allies) practiceok: srsly
(46:58 / All) 81111111111111l: si
(47:08 / All) 81111111111111l: chupar mi polla
(47:12 / All) 81111111111111l: CHUPA
(47:14 / Allies) practiceok: red will win
(47:18 / All) 81111111111111l: CHUPAAAAA
(47:19 / Allies) practiceok: hes got like 2 expos
(47:20 / Allies) okok: i am sure you are loving it
(47:22 / Allies) 81111111111111l: SI
(47:25 / Allies) practiceok: yeah
(47:25 / Allies) okok: this is your sense of revenge?
(47:28 / Allies) 81111111111111l: SI
(47:28 / Allies) practiceok: this guy tk'd us
(47:29 / Allies) okok: in WC3????
(47:29 / Allies) practiceok: lol
(47:32 / Allies) okok: LOLOLOLOILOLOOL
(47:34 / Allies) 81111111111111l: americans jaja
(47:37 / Allies) practiceok: he has like 7k gold
(47:39 / Allies) practiceok: wouldnt share
(47:40 / Allies) practiceok: lolo
(47:43 / Allies) practiceok: such a troll
(47:45 / Allies) practiceok: i hope he loses
(47:45 / Allies) 81111111111111l: SI
(47:53 / Allies) 81111111111111l: yo soy dios
(48:04 / Allies) 81111111111111l: ya gané
(48:10 / Allies) okok: i am getting as much enjoyment as you buddy
(48:12 / Allies) okok: dont worry
(48:17 / Allies) practiceok: :)
(48:25 / Allies) okok: watching you
(48:27 / All) practiceok: hes making new expo
(48:31 / All) practiceok: at 5 o clock
(48:31 / All) 81111111111111l: si
(48:37 / Allies) okok: yip
(48:43 / All) 81111111111111l: ven a buscarme perras
(48:54 / All) 81111111111111l: ven a pelearme noobs
(49:09 / Allies) okok: you tk and you call us noob?
(49:14 / Allies) 81111111111111l: si
(49:15 / Allies) practiceok: srsly
(49:16 / Allies) okok: you and your 8k and towers?
(49:18 / Allies) practiceok: guy is a clown
(49:18 / Allies) practiceok: lol
(49:23 / Allies) 81111111111111l: Soplas pollas de mono
(49:31 / Allies) 81111111111111l: 5k
(49:33 / Allies) 81111111111111l: noob
(49:53 / Allies) 81111111111111l:
(50:00 / Allies) practiceok: dude
(50:02 / Allies) practiceok: you are terrible
(50:09 / Allies) practiceok: stop even trying to justify
(50:10 / Allies) practiceok: lol
(50:15 / Allies) 81111111111111l: español es el futuro
(50:20 / Allies) practiceok: cant wait to watch you lose this game
(50:21 / Allies) practiceok: lol
(50:26 / Allies) 81111111111111l: México es rey
(50:33 / Allies) practiceok: righttttttttt
(50:43 / Allies) practiceok: lemme know when you wake up from your dream lol
(50:57 / Allies) 81111111111111l: jajajajaja
(51:58 / All) Martial_Law6969: TAKE THAT, ACCEPT THE PAIN
(52:13 / All) practiceok: idiots
(52:15 / All) practiceok: kill him
(52:25 / All) practiceok: unreal
(52:27 / All) 81111111111111l: JAJAJAJAJAJAJAJA
(52:29 / All) 81111111111111l: NOOBS
(52:30 / All) 81111111111111l: JAJAJA
(52:36 / All) 81111111111111l: TRANSMUTE NOOBS
(52:45 / All) 81111111111111l: Yo soy tu Dios
(52:54 / All) 81111111111111l: El rey de 4v4
(52:58 / All) 81111111111111l: :)
(53:19 / All) Martial_Law6969: Yo Quiero Taco Bell
(53:32 / All) 81111111111111l: taco bell es numéro uno
(53:54 / Allies) 81111111111111l: jaja
(54:47 / All) Martial_Law6969: Well that simplifies matters
(54:57 / All) 81111111111111l: jajaja
(55:31 / All) Martial_Law6969: can't remember which one but I think it was orange that was terrified of 5 ud towrs
(56:07 / All) Martial_Law6969: we were right outside green expo and he was like "NO TOWERS WHAT IF THEY TP"
(56:11 / All) 81111111111111l: jaja
(56:23 / All) Martial_Law6969: so he went to teal instead
(56:44 / All) Martial_Law6969: We never scouted you all game
(57:14 / All) 81111111111111l: MÉXICO ES UNA GRAN NACIÓN
(57:57 / All) 81111111111111l: 6/6/6 heroes
(58:03 / All) Martial_Law6969: level 15
(58:05 / All) 81111111111111l: SATÁN